[Event "Titled Tuesday Blitz November 15 Late 2022"]
[White "Artemenko, Oleg"]
[Black "Kirillov, Dmitry"]
[WhiteFideId "14201798"]
[BlackFideId "34180572"]
[WhiteElo "2287"]
[BlackElo "2095"]
[Result "1-0"]
[Round "07"]
[TimeControl "180+1"]
[Date "2022.11.16"]
[WhiteClock "0:02:04"]
[BlackClock "0:00:17"]

1. d4 d5 2. Nc3 e6 3. e4 Nf6 4. e5 Nfd7 5. f4 c5 6. Nf3 Nc6 7. Be3 Qb6 8. a3 c4 9. Rb1 Qa5 10. Qd2 b5 11. Be2 b4 12. axb4 Bxb4 13. Kf2 O-O 14. Ra1 Qb6 15. Rhb1 f6 16. b3 fxe5 17. dxe5 Bc5 18. bxc4 Bxe3+ 19. Qxe3 d4 20. Qe4 Nc5 21. Rxb6 Nxe4+ 22. Nxe4 axb6 23. Rxa8 Bb7 24. Rxf8+ Kxf8 25. Ke1 Ke7 26. Kd2 Nb4 27. Nd6 Bc6 28. Nxd4 1-0


[Site "https://www.chess.com"]

[Event "Titled Tuesday Blitz November 15 Late 2022"]
[White "Bach, Matthias"]
[Black "Burke, Paul"]
[WhiteFideId "4603168"]
[BlackFideId "2605767"]
[WhiteElo "2165"]
[BlackElo "1815"]
[Result "1-0"]
[Round "07"]
[TimeControl "180+1"]
[Date "2022.11.16"]
[WhiteClock "0:00:39"]
[BlackClock "0:00:12"]

1. d4 Nf6 2. c4 c5 3. d5 Ne4 4. Nd2 Qa5 5. Qc2 Nf6 6. e4 d6 7. Bd3 g6 8. Ne2 Bg7 9. O-O Na6 10. a3 O-O 11. f4 Nb4 12. axb4 Qxa1 13. bxc5 dxc5 14. e5 Ng4 15. Ne4 b6 16. h3 Nh6 17. g4 Nxg4 18. hxg4 Bxg4 19. N2g3 h5 20. Bd2 Qa6 21. Bc3 Bh3 22. Re1 Qc8 23. Kh2 Bg4 24. Ng5 f6 25. Ne6 Bxe6 26. dxe6 f5 27. Bf1 Qxe6 28. Bg2 Qxc4 29. Bxa8 Rxa8 30. Qg2 Rd8 31. Nf1 Qxf4+ 32. Qg3 Qh6 33. Kh1 h4 34. Qh3 Qh5 35. Nh2 Rd1 36. Qf1 Rd3 37. Qxd3 1-0


[Site "https://www.chess.com"]

[Event "Titled Tuesday Blitz November 15 Late 2022"]
[White "Baskakov, Egor"]
[Black "Goryachkina, Aleksandra"]
[WhiteFideId "24197866"]
[BlackFideId "4147103"]
[WhiteElo "2211"]
[BlackElo "2484"]
[Result "1-0"]
[Round "07"]
[TimeControl "180+1"]
[Date "2022.11.15"]
[WhiteClock "0:01:35"]
[BlackClock "0:00:02"]

1. e4 c5 2. Nf3 e6 3. Be2 Nc6 4. c4 Nf6 5. Nc3 d5 6. exd5 exd5 7. d4 Be7 8. O-O O-O 9. Bg5 cxd4 10. Nxd4 Nxd4 11. Qxd4 dxc4 12. Qxd8 Rxd8 13. Bxc4 h6 14. Bh4 Rd4 15. Bxf6 Bxf6 16. Bb3 Bg4 17. h3 Bh5 18. Nd5 Rd8 19. Nxf6+ gxf6 20. Rac1 R8d7 21. f4 Be2 22. Rf2 Bd1 23. Rc3 Bxb3 24. Rxb3 b6 25. Kh2 Rd2 26. Kg3 Rxf2 27. Kxf2 Rd2+ 28. Kf3 Kf8 29. g3 Ke7 30. Kg4 Kf8 31. Kf5 Kg7 32. g4 h5 33. gxh5 Rd5+ 34. Kg4 Kh6 35. Rc3 f5+ 36. Kh4 Rd4 37. Rc6+ Kh7 38. Kg5 1-0


[Site "https://www.chess.com"]

[Event "Titled Tuesday Blitz November 15 Late 2022"]
[White "Bazzano, Sebastian"]
[Black "Dudzinski, Pawel"]
[WhiteFideId "104566"]
[BlackFideId "1117890"]
[WhiteElo "2265"]
[BlackElo "2086"]
[Result "0-1"]
[Round "07"]
[TimeControl "180+1"]
[Date "2022.11.16"]
[WhiteClock "0:00:01"]
[BlackClock "0:00:16"]

1. d4 d5 2. Bf4 e6 3. e3 f5 4. Nf3 Nf6 5. Ne5 Be7 6. Nd2 O-O 7. Bd3 c5 8. c3 c4 9. Bc2 Bd7 10. Nxd7 Qxd7 11. Nf3 Nc6 12. Ne5 Nxe5 13. Bxe5 Bd6 14. Bxf6 Rxf6 15. f4 b5 16. Kf2 b4 17. Rg1 Rb8 18. Rb1 Qc7 19. g4 g6 20. gxf5 exf5 21. Qf3 Qc6 22. h4 Kf7 23. h5 Ke6 24. hxg6 hxg6 25. Qh3 Qc7 26. Rxg6 Rf8 27. Qxf5+ Ke7 28. Rxf6 Rxf6 29. Qxd5 Bxf4 30. Qe4+ Re6 31. Qxf4 Rf6 32. Bf5 Qxf4+ 33. exf4 Rxf5 34. Ke3 Rb5 35. d5 bxc3 36. Rc1 cxb2 37. Rb1 c3 38. Kd3 Rc5 0-1


[Site "https://www.chess.com"]

[Event "Titled Tuesday Blitz November 15 Late 2022"]
[White "Besedes, Danilo"]
[Black "Korchmar, Vasiliy"]
[WhiteFideId "946796"]
[BlackFideId "24131750"]
[WhiteElo "2352"]
[BlackElo "2370"]
[Result "1-0"]
[Round "07"]
[TimeControl "180+1"]
[Date "2022.11.16"]
[WhiteClock "0:01:17"]
[BlackClock "0:00:04"]

1. Nf3 d5 2. e3 Nf6 3. b3 Bg4 4. Ba3 Nbd7 5. d4 e6 6. Bxf8 Nxf8 7. Nbd2 N8d7 8. c4 O-O 9. Bd3 e5 10. dxe5 Nxe5 11. Be2 Ng6 12. O-O Qe7 13. h3 Be6 14. Rc1 Rfd8 15. Qc2 c6 16. Rfd1 a5 17. Qb2 a4 18. Nd4 a3 19. Qc2 Nh4 20. N2f3 Ng6 21. Nxe6 Qxe6 22. Nd4 Qe5 23. Qf5 Qxf5 24. Nxf5 dxc4 25. Bxc4 Ne4 26. Nd4 Ne5 27. f3 Nxc4 28. Rxc4 Nf6 29. Kf2 Rd5 30. Rdc1 g6 31. Rc5 Rd7 32. b4 Nd5 33. b5 Nb4 34. Ke2 Nxa2 35. R1c4 cxb5 36. Rxb5 Kg7 37. Rc2 Nc3+ 38. Rxc3 a2 39. Nc2 a1=Q 40. Nxa1 Rxa1 41. Rc2 Rg1 42. Kf2 Rgd1 43. Rcb2 R1d2+ 44. Rxd2 Rxd2+ 45. Kg3 Rd7 46. Rb6 Kf8 47. Kf4 Ke7 48. Kg5 Rd5+ 49. Kh6 Rh5+ 50. Kg7 Rg5 51. g4 Re5 52. e4 h5 53. Rxb7+ Ke6 54. Rxf7 hxg4 55. hxg4 g5 56. Rf5 Rxf5 57. exf5+ 1-0


[Site "https://www.chess.com"]

[Event "Titled Tuesday Blitz November 15 Late 2022"]
[White "Bilan, Danila"]
[Black "Fernandez Hernandez, Gerardo"]
[WhiteFideId "24161918"]
[BlackFideId "2207400"]
[WhiteElo "2173"]
[BlackElo "2237"]
[Result "1-0"]
[Round "07"]
[TimeControl "180+1"]
[Date "2022.11.16"]
[WhiteClock "0:00:35"]
[BlackClock "0:00:11"]

1. d4 Nf6 2. Nf3 g6 3. Bg5 Bg7 4. Nbd2 d5 5. e3 Bg4 6. c4 O-O 7. Qb3 b6 8. Ne5 Be6 9. Be2 Nfd7 10. cxd5 Nxe5 11. dxe6 f6 12. Bf4 Nec6 13. Bf3 Qc8 14. Rc1 Na5 15. Qa3 c6 16. Qxe7 Kh8 17. b4 Re8 18. Qc7 Qxc7 19. Bxc7 Nb7 20. b5 Rxe6 21. bxc6 Nd6 22. Bxd6 Rxd6 23. c7 1-0


[Site "https://www.chess.com"]

[Event "Titled Tuesday Blitz November 15 Late 2022"]
[White "Bogaudinov, Rushan"]
[Black "Prohorov, Olexandr"]
[WhiteFideId "4129288"]
[BlackFideId "14105578"]
[WhiteElo "1997"]
[BlackElo "1993"]
[Result "1-0"]
[Round "07"]
[TimeControl "180+1"]
[Date "2022.11.16"]
[WhiteClock "0:01:01"]
[BlackClock "0:00:03"]

1. d4 g6 2. h4 c5 3. h5 Bg7 4. c3 Qb6 5. h6 Bf6 6. d5 d6 7. e4 e6 8. Na3 exd5 9. exd5 Qc7 10. Bf4 Be5 11. Nb5 Qd8 12. Bxe5 dxe5 13. d6 Na6 14. Qd5 Qf6 15. Bc4 Qe6 16. Nf3 Qxd5 17. Bxd5 Nf6 18. O-O-O Bd7 19. c4 Rb8 20. Nxe5 O-O 21. Nxd7 Nxd7 22. a3 b6 23. Rhe1 Rfe8 24. Re7 Rxe7 25. dxe7 Nf6 26. Bc6 1-0


[Site "https://www.chess.com"]

[Event "Titled Tuesday Blitz November 15 Late 2022"]
[White "Bordi, Kevin"]
[Black "Molenda, Marcin"]
[WhiteFideId "621862"]
[BlackFideId "1173065"]
[WhiteElo "2796"]
[BlackElo "2553"]
[Result "1-0"]
[Round "07"]
[TimeControl "180+1"]
[Date "2022.11.16"]
[WhiteClock "0:00:45"]
[BlackClock "0:01:55"]

1. e4 c5 2. Nf3 e6 3. d4 cxd4 4. Nxd4 a6 5. h3 Qc7 6. Nc3 Nf6 7. g4 h6 8. Bg2 Bc5 9. Be3 d6 10. Qd2 Nbd7 11. O-O-O Ne5 12. Qe2 b5 13. Kb1 b4 14. Na4 Bb7 15. f4 Ned7 16. Nxc5 dxc5 17. Nb3 Nxe4 18. Bxe4 Bxe4 19. Rhe1 O-O 20. f5 exf5 21. gxf5 Bxf5 22. Rg1 a5 23. Bxh6 Bg6 24. Qe7 Ra7 25. Rxg6 Qe5 26. Rxg7+ Kh8 27. Qxe5 Nxe5 28. Rgg1 c4 29. Bxf8 1-0


[Site "https://www.chess.com"]

[Event "Titled Tuesday Blitz November 15 Late 2022"]
[White "Bouget, Alexandre"]
[Black "Bernat, David"]
[WhiteFideId "681318"]
[BlackFideId "2099225"]
[WhiteElo "2177"]
[BlackElo "2340"]
[Result "1-0"]
[Round "07"]
[TimeControl "180+1"]
[Date "2022.11.16"]
[WhiteClock "0:00:11"]
[BlackClock "0:00:04"]

1. Nc3 c5 2. e3 e5 3. Nf3 Nc6 4. d4 cxd4 5. exd4 exd4 6. Nxd4 Nf6 7. Bc4 Bc5 8. Nb3 Qe7+ 9. Ne2 O-O 10. O-O Ne5 11. Nxc5 Nxc4 12. Nd3 d5 13. b3 Ne5 14. Bb2 Ng6 15. Re1 Bg4 16. f3 Qe3+ 17. Nf2 Bf5 18. Ng3 Qg5 19. Bc1 Nf4 20. Qd2 Rfe8 21. Rxe8+ Rxe8 22. Qxf4 Re1+ 23. Nf1 Qxf4 24. Bxf4 Rxa1 25. Be5 Bxc2 26. Bxa1 Nd7 27. Ne3 Bb1 28. Nxd5 Bxa2 29. Ne7+ Kf8 30. Nf5 Bxb3 31. Bxg7+ Ke8 32. Bd4 b6 33. Nd6+ Ke7 34. Nc8+ 1-0


[Site "https://www.chess.com"]

[Event "Titled Tuesday Blitz November 15 Late 2022"]
[White "Brown, Andrew"]
[Black "Janaszak, Dawid"]
[WhiteFideId "3206513"]
[BlackFideId "1119206"]
[WhiteElo "2245"]
[BlackElo "2226"]
[Result "0-1"]
[Round "07"]
[TimeControl "180+1"]
[Date "2022.11.16"]
[WhiteClock "0:00:06"]
[BlackClock "0:00:28"]

1. d4 d5 2. c4 e6 3. Nc3 c5 4. cxd5 exd5 5. g3 Nf6 6. Bg2 cxd4 7. Qxd4 Nc6 8. Qd1 d4 9. Na4 Bb4+ 10. Bd2 Qa5 11. b3 Bf5 12. Nf3 Ne4 13. a3 Bxd2+ 14. Nxd2 O-O 15. b4 Qe5 16. O-O Rad8 17. Bxe4 Bxe4 18. Nc5 Bd5 19. Nxb7 Rde8 20. b5 d3 21. e4 Nd4 22. Nc5 Qd6 23. Nxd3 Bxe4 24. Nxe4 Rxe4 25. a4 Rd8 26. Kg2 Qd5 27. f3 Re3 28. Nf4 Qa8 29. Ra2 Nxf3 30. Rxf3 Rxd1 0-1


[Site "https://www.chess.com"]

[Event "Titled Tuesday Blitz November 15 Late 2022"]
[White "Buchenau, Frank"]
[Black "Yurovskykh, Oleksandr"]
[WhiteFideId "4604350"]
[BlackFideId "14134020"]
[WhiteElo "2157"]
[BlackElo "2265"]
[Result "0-1"]
[Round "07"]
[TimeControl "180+1"]
[Date "2022.11.16"]
[WhiteClock "0:00:01"]
[BlackClock "0:00:03"]

1. e4 e6 2. d4 d5 3. Nc3 dxe4 4. Nxe4 Bd7 5. Nf3 Bc6 6. Bd3 Nd7 7. O-O Ngf6 8. Ned2 Be7 9. Nc4 O-O 10. Nfe5 Nxe5 11. Nxe5 Be4 12. Bxe4 Nxe4 13. Qd3 Nf6 14. c4 c6 15. Be3 Qa5 16. a3 Rfd8 17. b4 Qa6 18. Qb3 b5 19. Rfc1 Qb7 20. a4 bxc4 21. Rxc4 Rdc8 22. Rac1 Bd6 23. Nxc6 Rc7 24. b5 Rac8 25. Na5 Qb8 26. Rxc7 Rxc7 27. Rxc7 Qxc7 28. Nc6 Nd5 29. h3 Kf8 30. a5 Ke8 31. Kf1 a6 32. Qc4 Kd7 33. Qa2 axb5 34. Ne5+ Bxe5 35. dxe5 Kc8 36. a6 Kb8 37. Qa3 Qc4+ 38. Kg1 Qb4 39. Qc1 Qc4 40. Qa3 Qb4 41. Qc1 Qc3 42. Qb1 b4 43. Qa2 b3 44. Qa4 b2 45. Qb5+ Kc8 46. Qb7+ Kd8 47. a7 Nc7 48. Kh2 Qxe5+ 49. g3 Qd5 50. Qxb2 Kd7 51. Qb8 Na8 52. Bf4 e5 0-1


[Site "https://www.chess.com"]

[Event "Titled Tuesday Blitz November 15 Late 2022"]
[White "Cardoso Cardoso, Jose Gabriel"]
[Black "Krallis, Christos"]
[WhiteFideId "4430492"]
[BlackFideId "4298896"]
[WhiteElo "2484"]
[BlackElo "2243"]
[Result "1-0"]
[Round "07"]
[TimeControl "180+1"]
[Date "2022.11.16"]
[WhiteClock "0:00:24"]
[BlackClock "0:00:04"]

1. d4 Nf6 2. Nc3 d5 3. Bf4 e6 4. e3 Bb4 5. Ne2 O-O 6. g4 c5 7. a3 Bxc3+ 8. Nxc3 Nc6 9. g5 cxd4 10. exd4 Ne4 11. Nxe4 dxe4 12. c3 Qa5 13. Bg2 e5 14. dxe5 Nxe5 15. Bxe4 Bg4 16. f3 Rad8 17. Qe2 Bxf3 18. b4 Qb6 19. Be3 Bxe2 20. Bxb6 axb6 21. Kxe2 Rfe8 22. Rhd1 Rxd1 23. Rxd1 Ng4 24. Kf3 Nxh2+ 25. Kf4 Ng4 26. Bxb7 Ne3 27. Rd3 Nc4 28. a4 1-0


[Site "https://www.chess.com"]

[Event "Titled Tuesday Blitz November 15 Late 2022"]
[White "Castella Garcia, Fausto"]
[Black "Arbunic Castro, Giovanna"]
[WhiteFideId "3501922"]
[BlackFideId "3400549"]
[WhiteElo "2245"]
[BlackElo "1953"]
[Result "1-0"]
[Round "07"]
[TimeControl "180+1"]
[Date "2022.11.16"]
[WhiteClock "0:00:40"]
[BlackClock "0:00:01"]

1. e4 g6 2. d4 Bg7 3. Nc3 c5 4. dxc5 Qa5 5. Nf3 Nf6 6. Bd3 Qxc5 7. O-O O-O 8. Be3 Qb4 9. Qd2 Nc6 10. h3 Qxb2 11. e5 Ne8 12. Rab1 Qa3 13. Rb3 Qa5 14. Rb5 Qd8 15. Bf4 a6 16. Rbb1 b5 17. Be4 Bb7 18. Rfd1 d6 19. Qe3 Qc7 20. Nd5 Qd8 21. exd6 Nxd6 22. Nxe7+ Qxe7 23. Bxd6 Qe6 24. Bxf8 Rxf8 25. Qb6 Ba8 26. Bd5 Qf6 27. c4 Rb8 28. Qxa6 Ne5 29. Qxf6 Bxf6 30. Nxe5 Bxe5 31. Rxb5 Bxd5 32. Rxb8+ Bxb8 33. cxd5 Bd6 34. a4 f5 35. a5 Kf8 36. a6 Bb8 37. Rb1 Ba7 38. Rb7 1-0


[Site "https://www.chess.com"]

[Event "Titled Tuesday Blitz November 15 Late 2022"]
[White "Chigaev, Maksim"]
[Black "Harshavardhan G B"]
[WhiteFideId "4108116"]
[BlackFideId "25059009"]
[WhiteElo "2541"]
[BlackElo "2333"]
[Result "1-0"]
[Round "07"]
[TimeControl "180+1"]
[Date "2022.11.15"]
[WhiteClock "0:00:24"]
[BlackClock "0:00:13"]

1. Nf3 Nf6 2. c4 g6 3. Nc3 Bg7 4. e4 d6 5. d4 O-O 6. Be2 e5 7. O-O Nc6 8. d5 Ne7 9. b4 a5 10. bxa5 Rxa5 11. a4 Nh5 12. Re1 b6 13. Ra3 Bd7 14. Bd3 h6 15. Bd2 Ra8 16. g3 Qe8 17. Nb5 Bxb5 18. cxb5 f5 19. Nh4 fxe4 20. Bxe4 Nf6 21. Bg2 g5 22. Nf3 Nfxd5 23. Nd4 Qf7 24. Rf3 Qg6 25. Nc6 Rae8 26. Qb3 Rxf3 27. Nxe7+ Kh7 28. Qxd5 Rd3 29. Nxg6 Rxd5 30. Bxd5 Kxg6 31. Be4+ Kf7 32. Rc1 Re7 33. Bd5+ Ke8 34. Rc4 Bf6 35. Kg2 h5 36. h3 Rg7 37. a5 bxa5 38. Bxa5 Bd8 39. Bf3 Rh7 40. Rc6 Kf8 41. b6 cxb6 42. Bxb6 Bxb6 43. Rxb6 Rh6 44. Rb7 h4 45. g4 Rf6 46. Be4 Rf4 47. f3 Rf7 48. Rxf7+ Kxf7 49. Bd5+ Ke7 50. Kf2 Kd7 51. Ke3 Kc7 52. Ke4 Kb6 53. Kf5 Kc5 54. Ke6 Kd4 55. Kxd6 Ke3 56. Kxe5 Kf2 57. f4 Kg3 58. fxg5 Kxh3 59. g6 1-0


[Site "https://www.chess.com"]

[Event "Titled Tuesday Blitz November 15 Late 2022"]
[White "Chirilov, James A"]
[Black "Salman, Pavel"]
[WhiteFideId "30976677"]
[BlackFideId "24153753"]
[WhiteElo "1790"]
[BlackElo "2187"]
[Result "0-1"]
[Round "07"]
[TimeControl "180+1"]
[Date "2022.11.16"]
[WhiteClock "0:00:04"]
[BlackClock "0:00:06"]

1. e4 c5 2. Nf3 e6 3. d4 cxd4 4. Nxd4 a6 5. Nc3 Qc7 6. g3 Nf6 7. Bg2 d6 8. O-O Be7 9. Be3 O-O 10. Qe2 Nc6 11. Rad1 Bd7 12. f4 Nxd4 13. Bxd4 e5 14. Be3 Bg4 15. Bf3 Bxf3 16. Qxf3 exf4 17. gxf4 Qc4 18. Bd4 Rae8 19. Kh1 Kh8 20. Rg1 Rg8 21. e5 dxe5 22. fxe5 Nd7 23. Nd5 Qc6 24. c4 Bc5 25. Bxc5 Qxc5 26. Qxf7 Nxe5 27. Qxb7 Qxc4 28. Nc3 Ng4 29. Rdf1 Re6 30. Qf3 Rf6 31. Qe2 Qxe2 32. Nxe2 Nf2+ 33. Kg2 Ne4 34. Ng3 Nxg3 35. hxg3 Rb6 36. Rf2 Rgb8 37. b3 h6 38. Rc1 Kh7 39. Rc7 Rg6 40. Rff7 Rb5 41. Kf3 Rbg5 42. b4 Rxg3+ 43. Kf2 Rg2+ 44. Kf3 Rxa2 45. Ke4 Ra4 46. Rb7 a5 47. Kf5 Rxb4 48. Rxb4 axb4 49. Rb7 Rf6+ 50. Ke5 h5 51. Rxb4 Rg6 52. Kf5 Kh6 53. Rb8 Rf6+ 54. Ke4 Kg5 55. Rh8 g6 56. Ke5 Rf5+ 57. Ke4 Kg4 58. Ke3 h4 59. Rh7 g5 60. Ke2 Kg3 61. Ke3 h3 62. Ke4 Rf4+ 63. Ke5 h2 64. Rh5 g4 65. Rh8 Rf3 66. Ke4 Kg2 67. Rh4 g3 68. Rh8 Rf2 69. Ke3 h1=Q 0-1


[Site "https://www.chess.com"]

[Event "Titled Tuesday Blitz November 15 Late 2022"]
[White "Clawitter, Craig"]
[Black "Badelka, Olga"]
[WhiteFideId "2023105"]
[BlackFideId "13509926"]
[WhiteElo "2247"]
[BlackElo "2337"]
[Result "0-1"]
[Round "07"]
[TimeControl "180+1"]
[Date "2022.11.16"]
[WhiteClock "0:00:10"]
[BlackClock "0:01:18"]

1. e4 e5 2. Nf3 Nc6 3. Bb5 Nf6 4. d3 d6 5. c3 a6 6. Ba4 g6 7. O-O Bg7 8. Nbd2 O-O 9. Re1 Nh5 10. Nf1 f5 11. Bb3+ Kh8 12. exf5 Bxf5 13. Ng3 Bg4 14. Nxh5 Bxh5 15. Re3 Bh6 16. Re4 Bxc1 17. Qxc1 Bxf3 18. gxf3 Rxf3 19. Qh6 Qf6 20. Rh4 Qg7 21. Bd5 Qxh6 22. Rxh6 Rf4 23. Re1 Raf8 24. Bxc6 bxc6 25. Re2 Rf3 26. d4 R8f4 27. dxe5 dxe5 28. Rxe5 Kg7 0-1


[Site "https://www.chess.com"]

[Event "Titled Tuesday Blitz November 15 Late 2022"]
[White "Curtis, John"]
[Black "Melian, Juan Sebastian"]
[WhiteFideId "3200256"]
[BlackFideId "3706575"]
[WhiteElo "2203"]
[BlackElo "2044"]
[Result "0-1"]
[Round "07"]
[TimeControl "180+1"]
[Date "2022.11.16"]
[WhiteClock "0:00:04"]
[BlackClock "0:00:19"]

1. e4 c6 2. d4 d5 3. exd5 cxd5 4. c4 Nf6 5. Nc3 e6 6. cxd5 Nxd5 7. Bc4 Nxc3 8. bxc3 Qc7 9. Qb3 Nd7 10. Nf3 Bd6 11. O-O O-O 12. Bd3 Re8 13. c4 b6 14. Be4 Bb7 15. Bxb7 Qxb7 16. c5 Be7 17. Bg5 Bxg5 18. Nxg5 Nf6 19. Rfb1 Rab8 20. cxb6 axb6 21. a4 Qc6 22. Nf3 h6 23. h3 Red8 24. Rc1 Qe4 25. Rab1 Nd5 26. Qc2 Qxc2 27. Rxc2 Ra8 28. Rc4 Ra5 29. g3 Rda8 30. Ne5 Rxa4 31. Rxa4 Rxa4 32. Rc1 f6 33. Rc8+ Kh7 34. Nd7 Kg6 35. Rc6 Rxd4 36. Nxb6 e5 37. Nxd5 Rxd5 38. Rc2 h5 39. h4 Kf5 40. Kg2 Rd4 41. Ra2 Rd3 42. Rb2 Rc3 43. Ra2 Rb3 44. Re2 Kg4 45. Rd2 Kf5 46. Rd7 g6 47. Rd2 Ra3 48. Re2 Ke6 49. f3 Kf5 50. Kf2 Ra4 51. Rc2 Ra3 52. Rc6 Ra2+ 53. Ke3 Rg2 54. g4+ hxg4 55. h5 gxh5 56. fxg4+ hxg4 57. Rc7 Rg3+ 58. Ke2 Rf3 59. Rh7 Rf4 60. Rh5+ Ke4 61. Rh8 g3 62. Rg8 Rf2+ 63. Ke1 Kf3 64. Rg6 f5 65. Rg5 f4 66. Rxe5 Kg2 67. Rg5 f3 68. Rg4 Re2+ 69. Kd1 Re8 70. Re4 Rxe4 71. Kd2 f2 72. Kd3 Re8 73. Kd4 f1=Q 74. Kd5 Qd1+ 75. Kc6 Rc8+ 76. Kb7 Qd7+ 77. Kb6 Qc6+ 78. Ka5 Ra8+ 79. Kb4 Ra4+ 80. Kb3 Qc4+ 81. Kb2 Ra2+ 82. Kb1 Qc2# 0-1


[Site "https://www.chess.com"]

[Event "Titled Tuesday Blitz November 15 Late 2022"]
[White "Deac, Bogdan-Daniel"]
[Black "Zhalmakhanov, Ramazan"]
[WhiteFideId "1226380"]
[BlackFideId "13706357"]
[WhiteElo "2648"]
[BlackElo "2405"]
[Result "0-1"]
[Round "07"]
[TimeControl "180+1"]
[Date "2022.11.15"]
[WhiteClock "0:00:01"]
[BlackClock "0:00:02"]

1. Nf3 d5 2. e3 Nf6 3. c4 e6 4. b3 Be7 5. Bb2 O-O 6. g3 c5 7. Bg2 Nc6 8. O-O b6 9. Qe2 Bb7 10. Ne1 dxc4 11. bxc4 Qc8 12. f4 Na5 13. d3 Rd8 14. g4 Bxg2 15. Qxg2 Qc6 16. g5 Ne8 17. Nc3 Qxg2+ 18. Kxg2 Nc6 19. Kf3 Nd6 20. Ke2 Nf5 21. Nf3 a6 22. Rfd1 Rab8 23. a4 Rb7 24. Rab1 h6 25. h4 h5 26. Ba3 a5 27. Ne4 Nb4 28. Rd2 Rbd7 29. Rbd1 Nc6 30. Bb2 Nb4 31. Bc3 Nc6 32. Ne5 Rc7 33. Nxc6 Rxc6 34. Rb2 Rd7 35. Rdb1 Bd8 36. Be1 Kh7 37. Bf2 Rc8 38. Nc3 Bc7 39. Nb5 Bb8 40. Nc3 Bc7 41. Rb3 Rcd8 42. Ne4 Ne7 43. Ng3 Kg6 44. Ne4 Nc6 45. Be1 Ne7 46. Ng3 Nc6 47. Rd1 f6 48. Ne4 e5 49. gxf6 gxf6 0-1


[Site "https://www.chess.com"]

[Event "Titled Tuesday Blitz November 15 Late 2022"]
[White "Do Nascimento,Christian Almeida"]
[Black "Yano, William Jorge Froes"]
[WhiteFideId "2143801"]
[BlackFideId "2112949"]
[WhiteElo "2079"]
[BlackElo "2122"]
[Result "1-0"]
[Round "07"]
[TimeControl "180+1"]
[Date "2022.11.16"]
[WhiteClock "0:00:07"]
[BlackClock "0:00:23"]

1. e4 e6 2. d4 d5 3. Nc3 Bb4 4. e5 c5 5. a3 Ba5 6. b4 cxd4 7. Qxd4 Bc7 8. Nf3 Ne7 9. Bd3 Nbc6 10. Qf4 Ng6 11. Bxg6 hxg6 12. O-O Rh5 13. Nb5 Bxe5 14. Nxe5 Nxe5 15. Re1 a6 16. Rxe5 axb5 17. Rxh5 gxh5 18. Bb2 f6 19. Qf3 Qe7 20. Qxh5+ Qf7 21. Qe2 Bd7 22. Bd4 e5 23. f4 e4 24. Bc5 Bc6 25. Qe3 Rd8 26. Rd1 Qh5 27. Rd2 Kf7 28. h3 Qh4 29. Bb6 Re8 30. Bc7 Re7 31. Bd6 Re6 32. Bb8 Re8 33. Bc7 Re7 34. Bb6 Re8 35. Rf2 Qh5 36. Kh2 Qd1 37. Bd4 Rh8 38. f5 Bd7 39. c3 Rh4 40. Qg3 Qh5 41. Qd6 Bxf5 42. Qxd5+ Kg6 43. Qd8 Bxh3 44. Qe8+ Kh6 45. Qxh5+ Rxh5 46. gxh3 f5 47. Be3+ Kg6 48. Kg3 Kf6 49. h4 g5 50. Bxg5+ Ke5 51. Bf4+ Ke6 52. Rd2 Rh8 53. Rd6+ Ke7 54. Rd5 Rg8+ 55. Kf2 Ke6 56. Re5+ Kf6 57. Rxb5 Rd8 58. Rb6+ Kf7 59. h5 Rd3 60. Ke2 Rxc3 61. Rxb7+ Ke6 62. Rb6+ Ke7 63. Bg5+ Kf7 64. Rb7+ Ke6 65. h6 Rh3 66. h7 Ke5 67. Rb5+ Kd4 68. Bf6+ Kc4 69. h8=Q Rxh8 70. Bxh8 Kxb5 71. Ke3 Ka4 72. Bb2 Kb5 73. Kf4 Kc4 74. Bc1 Kb5 75. Kxf5 e3 76. Bxe3 Ka4 77. Bc1 Kb5 78. Ke4 Ka4 79. Kd5 Kb5 80. Kd6 Ka6 81. a4 Kb6 82. Kd5 Ka6 83. Kc4 Kb6 84. Be3+ Ka6 85. b5+ Kb7 86. a5 Ka8 87. b6 Kb8 88. a6 Ka8 89. Kb5 Kb8 90. Bf4+ Ka8 91. b7+ Ka7 92. b8=Q# 1-0


[Site "https://www.chess.com"]

[Event "Titled Tuesday Blitz November 15 Late 2022"]
[White "Espinosa, Pedro"]
[Black "Melikhov, Evgeny V."]
[WhiteFideId "30921066"]
[BlackFideId "4122046"]
[WhiteElo "2016"]
[BlackElo "2169"]
[Result "1/2-1/2"]
[Round "07"]
[TimeControl "180+1"]
[Date "2022.11.16"]
[WhiteClock "0:00:17"]
[BlackClock "0:00:19"]

1. d4 Nf6 2. c4 e6 3. Nf3 d5 4. Nc3 Bb4 5. cxd5 exd5 6. Bg5 h6 7. Bh4 c5 8. dxc5 g5 9. Bg3 Qa5 10. Be5 Nbd7 11. Bd4 O-O 12. a3 Bxc5 13. b4 Bxd4 14. Qxd4 Qb6 15. e3 Qxd4 16. Nxd4 Ne5 17. Be2 Be6 18. O-O Rfc8 19. Rac1 a6 20. Na4 Rxc1 21. Rxc1 Rc8 22. Rxc8+ Bxc8 23. Kf1 b5 24. Nc5 Nc4 25. Bxc4 dxc4 26. Ke2 Kf8 27. Nc6 Nd7 28. Nxd7+ Bxd7 29. Nd4 Ke7 30. Kd2 Kd6 31. Kc3 Kd5 32. f3 f5 33. Ne2 Ke5 34. Kd2 Kd5 35. g3 Ke5 36. Nc3 Bc6 37. Ke2 Bb7 38. Kf2 Bc6 39. Ke2 Kd6 40. Nd1 Ke5 41. Nc3 1/2-1/2


[Site "https://www.chess.com"]

[Event "Titled Tuesday Blitz November 15 Late 2022"]
[White "Estrada Nieto, Julian"]
[Black "Kopylov, Alexander A."]
[WhiteFideId "5101018"]
[BlackFideId "4164857"]
[WhiteElo "2541"]
[BlackElo "2759"]
[Result "1-0"]
[Round "07"]
[TimeControl "180+1"]
[Date "2022.11.16"]
[WhiteClock "0:01:46"]
[BlackClock "0:01:51"]

1. e4 e5 2. Nf3 Nc6 3. Bb5 a6 4. Ba4 d6 5. Bxc6+ bxc6 6. d4 exd4 7. Nxd4 c5 8. Ne2 Nf6 9. Nbc3 Be7 10. O-O O-O 11. b3 Bb7 12. Ng3 Re8 13. Bb2 Bf8 14. Re1 Qd7 15. f3 a5 16. Qd2 c4 17. Nf5 h6 18. Qf4 Nh5 19. Qg4 g6 20. Nxh6+ 1-0


[Site "https://www.chess.com"]

[Event "Titled Tuesday Blitz November 15 Late 2022"]
[White "Fernandez De La Vara, Arnaldo"]
[Black "D`Arruda, Ricardo D."]
[WhiteFideId "3518388"]
[BlackFideId "100692"]
[WhiteElo "2387"]
[BlackElo "2497"]
[Result "1-0"]
[Round "07"]
[TimeControl "180+1"]
[Date "2022.11.16"]
[WhiteClock "0:00:06"]
[BlackClock "0:00:26"]

1. Nf3 d5 2. g3 Nf6 3. Bg2 Nc6 4. c4 e6 5. O-O Bd6 6. b3 O-O 7. Bb2 Ne7 8. d4 c6 9. Nc3 Bd7 10. Nd2 Qa5 11. e4 dxe4 12. Ndxe4 Nxe4 13. Nxe4 Ba3 14. Bc3 Bb4 15. Bxb4 Qxb4 16. a3 Qb6 17. Qd3 Rad8 18. Rfd1 Bc8 19. b4 Nf5 20. Nc5 Rxd4 21. Qc3 Rfd8 22. Rxd4 Nxd4 23. Kh1 Qc7 24. Ne4 e5 25. c5 Be6 26. Nd6 Nf5 27. Ne4 Bd5 28. h3 Bxe4 29. Bxe4 Nd4 30. Rd1 f6 31. Kg2 g6 32. Bb1 Kg7 33. Ba2 Nb5 34. Qc1 Rxd1 35. Qxd1 Nc3 36. Qd6 Qxd6 37. cxd6 Kf8 38. Bg8 h6 39. Bh7 g5 40. Kf3 Nb5 41. d7 Ke7 42. a4 Nd6 43. Kg4 Kxd7 44. Kh5 b6 45. Kxh6 c5 46. bxc5 bxc5 47. Bc2 e4 48. h4 gxh4 49. gxh4 Nf5+ 50. Kh5 Nd6 51. Kg6 f5 52. h5 f4 53. h6 e3 54. fxe3 fxe3 55. Bd1 c4 56. h7 c3 57. h8=Q e2 58. Bxe2 c2 59. Bg4+ 1-0


[Site "https://www.chess.com"]